 Dungeon Crawl Stone Soup version 0.24-a0-232-g49d9ff8 (webtiles) character file.

Game seed: 6085637370047634283

2 emperorscorpion the Sneak (level 1, 0/16 HPs)
             Began as a Demigod Wanderer on Apr 3, 2019.
             Slain by a bat (1 damage)
             ... on level 1 of the Dungeon.
             The game lasted 00:00:35 (76 turns).

emperorscorpion the Sneak (Demigod Wanderer)          Turns: 76, Time: 00:00:35

Health: 0/16       AC:  2    Str: 15    XL:     1   Next: 26%
Magic:  3/3        EV: 12    Int: 15    God:
Gold:   18         SH:  0    Dex: 16    Spells: 0/0 levels left

rFire    . . .     SeeInvis .   a - +2 falchion
rCold    . . .     Gourm    .   (no shield)
rNeg     . . .     Faith    .   d - +0 robe
rPois    .         Spirit   .   (no helmet)
rElec    .         Reflect  .   (no cloak)
rCorr    .         Harm     .   (no gloves)
MR       .....                  (no boots)
Stlth    ++........             (no amulet)
HPRegen  0.05/turn              (no ring)
MPRegen  0.08/turn              (no ring)

@: no status effects
A: high mp 1
a: no special abilities


You were on level 1 of the Dungeon.
You were not hungry.

You visited 1 branch of the dungeon, and saw 1 of its levels.

You collected 18 gold pieces.

Inventory:

Hand Weapons
 a - a +2 falchion (weapon)
 b - a +0 quarterstaff
 e - a +0 dagger
Missiles
 h - 17 poisoned needles
Armour
 d - a +0 robe (worn)
Potions
 c - a potion of lignification
 g - a potion of curing {unknown}
Comestibles
 f - 2 rations


   Skills:
 + Level 1.0 Fighting
 + Level 1.0 Long Blades
 + Level 1.7 Staves
 + Level 1.0 Throwing
 + Level 1.7 Dodging
 + Level 2.1 Stealth
   Level 1.0 Shields


You couldn't memorise any spells.
You didn't know any spells.
Your spell library was empty.

Dungeon Overview and Level Annotations

Branches:
Dungeon (1/15)


Innate Abilities, Weirdness & Mutations

You have an increased reservoir of magic. (+10% MP)


Message History

You closely miss the hobgoblin.
The hobgoblin is heavily wounded.
The hobgoblin closely misses you.
You riposte.
You closely miss the hobgoblin.
The hobgoblin is heavily wounded.
The hobgoblin hits you with a +0 club.
You barely miss the hobgoblin.
The hobgoblin is heavily wounded.
The hobgoblin barely misses you.
You hit the hobgoblin but do no damage.
The hobgoblin is heavily wounded.
The hobgoblin hits you with a +0 club.
* * * LOW HITPOINT WARNING * * *
You hit the hobgoblin.
You kill the hobgoblin!
Your Stealth skill increases to level 2!
The bat hits you but does no damage. The bat closely misses you.
You closely miss the bat. The bat hits you.
* * * LOW HITPOINT WARNING * * *
The bat hits you.
You die...

###.......
.......!.)
#........#
#........#
#........#
#........#
#.#........#
#.#..## #b#
###.....# #@#
.......#
#.######
#.....###......+
+........#######
#.#........# .
##......# #.
#......#
#..##'#####
#.##.#######


You could see a bat.

Vanquished Creatures
  2 hobgoblins (D:1)
2 creatures vanquished.

Vanquished Creatures (others)
  A rat (D:1)
1 creature vanquished.

Grand Total: 3 creatures vanquished

Notes
Turn   | Place    | Note
-------+----------+-------------------------------------------
     0 | D:1      | emperorscorpion the Demigod Wanderer began the quest for
                  | the Orb.
     0 | D:1      | emperorscorpion set off with the following items: a +2
                  | falchion, a +0 quarterstaff, a potion of lignification, a
                  | +0 robe, a +0 dagger, a ration
     0 | D:1      | Reached XP level 1. HP: 16/16 MP: 3/3
    75 | D:1      | Reached skill level 2 in Stealth
    76 | D:1      | Slain by a bat

Levels and vault maps discovered:
D:1:      shiori_arrival_oz, layout_basic

Skill      XL: |  1 |
---------------+----+-----
Stealth        | 2 |  2.1
Fighting       | |  1.0
Long Blades    | |  1.0
Staves         | |  1.7
Throwing       | |  1.0
Dodging        | |  1.7
Shields        | |  1.0

Action                   || total
-------------------------++-------
Melee: Falchion          ||    13
Armor: Robe              ||     3
Dodge: Dodged            ||     8
       Rpst.: Falchion   ||     1

Table legend:
 A = Non-vault XP
 B = Vault XP
 C = Vault XP percentage of total XP
 D = Non-vault monster count
 E = Vault monster count
 F = Vault count percentage of total count
                 A         B        C        D         E       F
            +---------+---------+-------+---------+---------+-------
      Total |       4 |       0 |   0.0 |       2 |       0 |   0.0
            +---------+---------+-------+---------+---------+-------
        D:1 |       4 |       0 |   0.0 |       2 |       0 |   0.0
            +---------+---------+-------+---------+---------+-------
